| TOP OF THE 1ST |
|
Charleston RiverDogs batting - Pitching for Delmarva Shorebirds : RHP Kevin Stewart
|
|
Pitching: RHP Kevin Stewart
|
|
|
Batting: RHB John Sprenkel
|
0-0: Ball 1-0: Ball 2-0: Ball 3-0: Called Strike 3-1: SINGLE (Groundball, 34D, EV 94.4 MPH)
|
|
Batting: LHB Justin O'Neal
|
0-0: Swinging Strike 0-1: Ball 1-1: Foul Ball, location: 2F 1-2: Ball Wild Pitch! John Sprenkel to second 2-2: Strikes out looking
|
|
Batting: RHB Iften Olujimi
|
0-0: Ball 1-0: Ball 2-0: Foul Ball, location: 2F 2-1: Called Strike 2-2: Ball 3-2: Strikes out swinging
|
|
Batting: LHB Marc Durgin
|
0-0: Fly out, F8 (Flyball, 8LD, EV 88.8 MPH)
|
| Top of the 1st over - 0 runs, 1 hit, 0 errors, 1 left on base; Charleston 0 - Delmarva 0 |
| BOTTOM OF THE 1ST |
|
Delmarva Shorebirds batting - Pitching for Charleston RiverDogs : RHP Khayyat bin Faruq
|
|
Pitching: RHP Khayyat bin Faruq
|
|
|
Batting: LHB Eric Jackson
|
0-0: Called Strike 0-1: TRIPLE (Line Drive, 78XD, EV 101.2 MPH)
|
|
Batting: LHB Tim Mulholland
|
0-0: Ball 1-0: Swinging Strike 1-1: Ball 2-1: Fly out, F9 (Flyball, 9D, EV 96.2 MPH) Runner from 3rd tags up, SCORES, no throw by RF
|
|
Batting: LHB Tom Edwards
|
0-0: Foul Ball, location: 2F 0-1: Ball 1-1: Ball 2-1: Foul Ball, location: 2F 2-2: Strikes out swinging
|
|
Batting: LHB Mike Sloan
|
0-0: Called Strike 0-1: Ground out 4-3 (Groundball, 4, EV 106.9 MPH)
|
| Bottom of the 1st over - 1 run, 1 hit, 0 errors, 0 left on base; Charleston 0 - Delmarva 1 |
| TOP OF THE 2ND |
|
Charleston RiverDogs batting - Pitching for Delmarva Shorebirds : RHP Kevin Stewart
|
|
Batting: RHB Alfredo Rodriguez
|
0-0: Swinging Strike 0-1: Ball 1-1: Called Strike 1-2: Strikes out swinging
|
|
Batting: LHB Dale Anderson
|
0-0: Ball 1-0: Ball 2-0: Ball 3-0: Called Strike 3-1: Foul Ball, location: 2F 3-2: Strikes out swinging
|
|
Batting: RHB Bill Nguyen-Tan
|
0-0: Called Strike 0-1: Ball 1-1: Fly out, F7 (Flyball, 7LM, EV 75.0 MPH)
|
| Top of the 2nd over - 0 runs, 0 hits, 0 errors, 0 left on base; Charleston 0 - Delmarva 1 |
| BOTTOM OF THE 2ND |
|
Delmarva Shorebirds batting - Pitching for Charleston RiverDogs : RHP Khayyat bin Faruq
|
|
Batting: RHB Jon Zimmerman
|
0-0: Called Strike 0-1: Ball 1-1: Ball 2-1: Ball 3-1: Base on Balls
|
|
Batting: LHB Justin Moore
|
0-0: Foul Ball, location: 2F 0-1: Ball 1-1: Called Strike 1-2: Ball 2-2: Ball 3-2: Fly out, F5 (Popup, 5F, EV 60.6 MPH)
|
|
Batting: LHB Bill Ostlund
|
0-0: Ball 1-0: Foul Ball, location: 2F 1-1: Ball 2-1: Fly out, F8 (Line Drive, 8LS, EV 86.2 MPH)
|
|
Batting: RHB Adam Swimmer
|
0-0: Ball 1-0: Ball 2-0: Swinging Strike 2-1: SINGLE (Flyball, 34D, EV 86.2 MPH) Jon Zimmerman to second Runner from 2nd tries for 3rd, SAFE, throw by RF made to third
|
|
Batting: LHB Shane Free
|
0-0: Called Strike 0-1: Foul Ball, location: 2F 0-2: SINGLE (Groundball, 34S, EV 65.6 MPH) (infield hit) Jon Zimmerman scores Adam Swimmer to second
|
|
Batting: LHB Eric Jackson
|
0-0: Ball 1-0: Called Strike 1-1: 3-RUN HOME RUN (Flyball, 9D, EV 95.6 MPH), Distance : 359 ft
|
|
Batting: LHB Tim Mulholland
|
0-0: Ball 1-0: Ball 2-0: Ball 3-0: Base on Balls
|
|
Batting: LHB Tom Edwards
|
0-0: Swinging Strike 0-1: Ball 1-1: Foul Ball, location: 2F 1-2: Foul Ball, location: 2F 1-2: Ground out 4-3 (Groundball, 4S, EV 86.9 MPH)
|
| Bottom of the 2nd over - 4 runs, 3 hits, 0 errors, 1 left on base; Charleston 0 - Delmarva 5 |
| TOP OF THE 3RD |
|
Charleston RiverDogs batting - Pitching for Delmarva Shorebirds : RHP Kevin Stewart
|
|
Batting: RHB Louwe Starmans
|
0-0: Ball 1-0: Foul Ball, location: 2F 1-1: DOUBLE (Groundball, 5L, EV 106.9 MPH)
|
|
Batting: SHB Houston Phillips
|
0-0: Ground out 4-3 (Groundball, 4MS, EV 88.8 MPH) Louwe Starmans to third
|
|
Batting: RHB John Sprenkel
|
0-0: Ground out 1-3 (Groundball, 15S, EV 69.4 MPH)
|
|
Batting: LHB Justin O'Neal
|
0-0: Called Strike 0-1: Ball 1-1: Swinging Strike 1-2: Foul Ball, location: 2F 1-2: Foul Ball, location: 2F 1-2: Ball 2-2: Strikes out swinging
|
| Top of the 3rd over - 0 runs, 1 hit, 0 errors, 1 left on base; Charleston 0 - Delmarva 5 |
| BOTTOM OF THE 3RD |
|
Delmarva Shorebirds batting - Pitching for Charleston RiverDogs : RHP Khayyat bin Faruq
|
|
Batting: LHB Mike Sloan
|
0-0: SOLO HOME RUN (Flyball, 9D, EV 95.6 MPH), Distance : 378 ft
|
|
Batting: RHB Jon Zimmerman
|
0-0: Ball 1-0: Foul Ball, location: 2F 1-1: Foul Ball, location: 2F 1-2: Ball 2-2: Fly out, F7 (Flyball, 7D, EV 84.4 MPH)
|
|
Pitching: LHP Alex Pulido
|
|
|
Batting: LHB Justin Moore
|
0-0: Ball 1-0: Ball 2-0: SINGLE (Groundball, 4, EV 99.4 MPH)
|
|
Batting: LHB Bill Ostlund
|
0-0: 2-RUN HOME RUN (Flyball, 9D, EV 95.0 MPH), Distance : 357 ft
|
|
Batting: RHB Adam Swimmer
|
0-0: Foul Ball, location: 2F 0-1: Ball 1-1: Ground out U3 (Groundball, 34, EV 83.1 MPH)
|
|
Batting: LHB Shane Free
|
0-0: Ball 1-0: Ground out 5-3 (Groundball, 5L, EV 106.9 MPH)
|
| Bottom of the 3rd over - 3 runs, 3 hits, 0 errors, 0 left on base; Charleston 0 - Delmarva 8 |
| TOP OF THE 4TH |
|
Charleston RiverDogs batting - Pitching for Delmarva Shorebirds : RHP Kevin Stewart
|
|
Batting: RHB Iften Olujimi
|
0-0: Ball 1-0: Ball 2-0: Called Strike 2-1: Swinging Strike 2-2: Foul Ball, location: 2F 2-2: Ground out 6-3 (Groundball, 6, EV 83.1 MPH)
|
|
Batting: LHB Marc Durgin
|
0-0: Foul Ball, location: 2F 0-1: Ball 1-1: Foul Ball, location: 2F 1-2: Foul Ball, location: 2F 1-2: Ball 2-2: Foul Ball, location: 2F 2-2: Fly out, F4 (Line Drive, 4M, EV 93.8 MPH)
|
|
Batting: RHB Alfredo Rodriguez
|
0-0: Called Strike 0-1: Foul Ball, location: 2F 0-2: Foul Ball, location: 2F 0-2: Ball 1-2: Foul Ball, location: 2F 1-2: Foul Ball, location: 2F 1-2: Ball 2-2: Strikes out swinging
|
| Top of the 4th over - 0 runs, 0 hits, 0 errors, 0 left on base; Charleston 0 - Delmarva 8 |
| BOTTOM OF THE 4TH |
|
Delmarva Shorebirds batting - Pitching for Charleston RiverDogs : LHP Alex Pulido
|
|
Batting: LHB Eric Jackson
|
0-0: Foul Ball, location: 2F 0-1: Ball 1-1: Ball 2-1: Fly out, F5 (Line Drive, 56, EV 68.8 MPH)
|
|
Batting: LHB Tim Mulholland
|
0-0: Ball 1-0: Foul Ball, location: 2F 1-1: Called Strike 1-2: Ball 2-2: Foul Ball, location: 2F 2-2: Strikes out swinging, 2-3 out at first.
|
|
Batting: LHB Tom Edwards
|
0-0: Ball 1-0: Ball 2-0: SINGLE (Groundball, 34D, EV 93.8 MPH)
|
|
Batting: LHB Mike Sloan
|
0-0: Called Strike 0-1: Ball 1-1: SINGLE (Line Drive, 9S, EV 97.5 MPH) Tom Edwards to second Runner from 2nd tries for 3rd, OUT! 9-5
|
| Bottom of the 4th over - 0 runs, 2 hits, 0 errors, 1 left on base; Charleston 0 - Delmarva 8 |
| TOP OF THE 5TH |
|
Charleston RiverDogs batting - Pitching for Delmarva Shorebirds : RHP Kevin Stewart
|
|
Batting: LHB Dale Anderson
|
0-0: Swinging Strike 0-1: Swinging Strike 0-2: Ball 1-2: Strikes out swinging
|
|
Batting: RHB Bill Nguyen-Tan
|
0-0: Swinging Strike 0-1: Called Strike 0-2: Ball 1-2: Ball 2-2: Strikes out looking
|
|
Batting: RHB Louwe Starmans
|
0-0: Ball 1-0: Ball 2-0: Called Strike 2-1: Ball 3-1: Base on Balls
|
|
Batting: SHB Houston Phillips
|
0-0: Ball 1-0: Foul Ball, location: 2F 1-1: Fly out, F8 (Flyball, 89M, EV 89.4 MPH)
|
| Top of the 5th over - 0 runs, 0 hits, 0 errors, 1 left on base; Charleston 0 - Delmarva 8 |
| BOTTOM OF THE 5TH |
|
Delmarva Shorebirds batting - Pitching for Charleston RiverDogs : LHP Alex Pulido
|
|
Batting: RHB Jon Zimmerman
|
0-0: Called Strike 0-1: Called Strike 0-2: Ball 1-2: Ball 2-2: Ball 3-2: Base on Balls
|
|
Batting: LHB Justin Moore
|
0-0: Swinging Strike 0-1: Ball 1-1: Swinging Strike 1-2: Ball 2-2: Ball 3-2: Base on Balls Jon Zimmerman to second
|
|
Batting: LHB Bill Ostlund
|
0-0: Fly out, F8 (Line Drive, 8RM, EV 96.2 MPH)
|
|
Batting: RHB Adam Swimmer
|
0-0: Ball 1-0: SINGLE (Line Drive, 8RS, EV 106.2 MPH) Jon Zimmerman to third Justin Moore to second Throwing error, E8 Jon Zimmerman scores Justin Moore to third Adam Swimmer to second
|
|
Batting: LHB Shane Free
|
0-0: Ball 1-0: Ball 2-0: DOUBLE (Line Drive, 78XD, EV 113.1 MPH) Justin Moore scores Adam Swimmer scores
|
|
Pitching: RHP Lorenzo Vasquez
|
|
|
Batting: LHB Eric Jackson
|
0-0: Called Strike 0-1: Ball 1-1: Ball 2-1: Called Strike 2-2: Ball 3-2: Foul Ball, location: 2F 3-2: Base on Balls
|
|
Batting: LHB Tim Mulholland
|
0-0: Ball 1-0: Ball 2-0: Fly out, F4 (Line Drive, 4MD, EV 66.2 MPH)
|
|
Batting: LHB Tom Edwards
|
0-0: Ball Wild Pitch! Shane Free to third Eric Jackson to second 1-0: Called Strike 1-1: Ball 2-1: Ball 3-1: Swinging Strike 3-2: Base on Balls
|
|
Batting: LHB Mike Sloan
|
0-0: Called Strike 0-1: Ground out 1-3 (Groundball, 15S, EV 63.8 MPH)
|
| Bottom of the 5th over - 3 runs, 2 hits, 1 error, 3 left on base; Charleston 0 - Delmarva 11 |
| TOP OF THE 6TH |
|
Charleston RiverDogs batting - Pitching for Delmarva Shorebirds : RHP Kevin Stewart
|
|
Batting: RHB John Sprenkel
|
0-0: SINGLE (Line Drive, 5D, EV 94.4 MPH)
|
|
Batting: LHB Justin O'Neal
|
0-0: Swinging Strike 0-1: Ball 1-1: Called Strike 1-2: Ball 2-2: Foul Ball, location: 2F 2-2: Strikes out looking
|
|
Batting: RHB Iften Olujimi
|
0-0: Called Strike 0-1: Ball 1-1: Foul Ball, location: 2F 1-2: Grounds into double play, 6-4-3 (Groundball, 6, EV 101.9 MPH)
|
| Top of the 6th over - 0 runs, 1 hit, 0 errors, 0 left on base; Charleston 0 - Delmarva 11 |
| BOTTOM OF THE 6TH |
|
Delmarva Shorebirds batting - Pitching for Charleston RiverDogs : RHP Lorenzo Vasquez
|
|
Batting: RHB Jon Zimmerman
|
0-0: Called Strike 0-1: SOLO HOME RUN (Flyball, 78XD, EV 111.2 MPH), Distance : 421 ft
|
|
Batting: LHB Justin Moore
|
0-0: Ball 1-0: Swinging Strike 1-1: Ball 2-1: Ball 3-1: SOLO HOME RUN (Flyball, 9LD, EV 91.2 MPH), Distance : 332 ft
|
|
Batting: LHB Bill Ostlund
|
0-0: Ball 1-0: Fly out, F9 (Flyball, 89S, EV 89.4 MPH)
|
|
Batting: RHB Adam Swimmer
|
0-0: Called Strike 0-1: Ball 1-1: Ball 2-1: SINGLE (Flyball, 4MD, EV 87.5 MPH)
|
|
Batting: LHB Shane Free
|
0-0: Ball 1-0: Ball 2-0: Called Strike 2-1: Ball 3-1: Fly out, F2 (Popup, 23F, EV 90.6 MPH)
|
|
Batting: LHB Eric Jackson
|
0-0: Ball 1-0: Ball 2-0: Ball 3-0: Called Strike 3-1: Foul Ball, location: 2F 3-2: Foul Ball, location: 2F 3-2: 2-RUN HOME RUN (Line Drive, 7LD, EV 95.6 MPH), Distance : 359 ft
|
|
Pitching: RHP Francisco Aguayo
|
|
|
Batting: LHB Tim Mulholland
|
0-0: Ball 1-0: Ball 2-0: Called Strike 2-1: Foul Ball, location: 2F 2-2: Ball 3-2: Foul Ball, location: 2F 3-2: Fly out, F9 (Flyball, 9D, EV 91.9 MPH)
|
| Bottom of the 6th over - 4 runs, 4 hits, 0 errors, 0 left on base; Charleston 0 - Delmarva 15 |
| TOP OF THE 7TH |
|
Charleston RiverDogs batting - Pitching for Delmarva Shorebirds : RHP Kevin Stewart
|
|
Batting: LHB Marc Durgin
|
0-0: Ball 1-0: Called Strike 1-1: Reached on error, E7 (Flyball, 7D, EV 104.4 MPH)
|
|
Pitching: RHP Shane Kruger
|
|
|
Batting: RHB Alfredo Rodriguez
|
0-0: Ball Marc Durgin steals 2nd base (no throw) 1-0: Foul Ball, location: 2F 1-1: Foul Ball, location: 2F 1-2: Ball 2-2: Ball 3-2: Fly out, F8 (Flyball, 8LD, EV 98.1 MPH)
|
|
Batting: LHB Dale Anderson
|
0-0: Called Strike 0-1: Called Strike Marc Durgin is caught stealing 3rd base 2-5 0-2: Ball 1-2: Foul Ball, location: 2F 1-2: Strikes out swinging, 2-3 out at first.
|
| Top of the 7th over - 0 runs, 0 hits, 1 error, 0 left on base; Charleston 0 - Delmarva 15 |
| BOTTOM OF THE 7TH |
|
Delmarva Shorebirds batting - Pitching for Charleston RiverDogs : RHP Francisco Aguayo
|
|
Batting: LHB Tom Edwards
|
0-0: Foul Ball, location: 2F 0-1: Ball 1-1: Ball 2-1: Ground out 4-3 (Groundball, 4, EV 91.2 MPH)
|
|
Batting: LHB Mike Sloan
|
0-0: Ground out U3 (Groundball, 34, EV 89.4 MPH)
|
|
Batting: RHB Jon Zimmerman
|
0-0: Ball 1-0: Ball 2-0: Fly out, F8 (Flyball, 8RD, EV 109.4 MPH)
|
| Bottom of the 7th over - 0 runs, 0 hits, 0 errors, 0 left on base; Charleston 0 - Delmarva 15 |
| TOP OF THE 8TH |
|
Charleston RiverDogs batting - Pitching for Delmarva Shorebirds : RHP Shane Kruger
|
|
Batting: RHB Bill Nguyen-Tan
|
0-0: Swinging Strike 0-1: Swinging Strike 0-2: Foul Ball, location: 2F 0-2: Ball 1-2: Strikes out swinging
|
|
Batting: RHB Louwe Starmans
|
0-0: Called Strike 0-1: Ball 1-1: Swinging Strike 1-2: Foul Ball, location: 2F 1-2: Strikes out swinging
|
|
Batting: SHB Houston Phillips
|
0-0: Ball 1-0: Ball 2-0: Called Strike 2-1: Ball 3-1: Foul Ball, location: 2F 3-2: Foul Ball, location: 2F 3-2: Strikes out swinging
|
| Top of the 8th over - 0 runs, 0 hits, 0 errors, 0 left on base; Charleston 0 - Delmarva 15 |
| BOTTOM OF THE 8TH |
|
Delmarva Shorebirds batting - Pitching for Charleston RiverDogs : RHP Francisco Aguayo
|
|
Batting: LHB Justin Moore
|
0-0: Ball 1-0: Ball 2-0: Ball 3-0: Foul Ball, location: 2F 3-1: Base on Balls
|
|
Batting: LHB Bill Ostlund
|
0-0: Ball 1-0: Foul Ball, location: 2F 1-1: Ball 2-1: SINGLE (Flyball, 5D, EV 97.5 MPH) Justin Moore to second
|
|
Batting: RHB Adam Swimmer
|
0-0: Called Strike 0-1: Foul Ball, location: 2F 0-2: Foul Ball, location: 2F 0-2: Ball 1-2: Grounds into double play, 6-4-3 (Groundball, 6, EV 82.5 MPH) Justin Moore to third
|
|
Batting: LHB Shane Free
|
0-0: Ball Wild Pitch! Justin Moore scores 1-0: Ball 2-0: Called Strike 2-1: Ball 3-1: Base on Balls
|
|
Batting: LHB Eric Jackson
|
0-0: Ball 1-0: Called Strike 1-1: Ball 2-1: Ball 3-1: Base on Balls Shane Free to second
|
|
Batting: LHB Tim Mulholland
|
0-0: Ball 1-0: Ball 2-0: Called Strike 2-1: Foul Ball, location: 2F 2-2: Ball 3-2: Foul Ball, location: 2F 3-2: Base on Balls Shane Free to third Eric Jackson to second
|
|
Pitching: RHP Graham Murphy
|
|
|
Batting: LHB Tom Edwards
|
0-0: Ball 1-0: Called Strike 1-1: DOUBLE (Groundball, 3L, EV 103.1 MPH) Shane Free scores Eric Jackson scores Tim Mulholland to third Runner from 3rd tries for Home, SAFE, throw by RF to trailing runner, SAFE at third!
|
|
Batting: LHB Mike Sloan
|
0-0: Ground out 4-3 (Groundball, 4D, EV 87.5 MPH)
|
| Bottom of the 8th over - 4 runs, 2 hits, 0 errors, 1 left on base; Charleston 0 - Delmarva 19 |
| TOP OF THE 9TH |
|
Charleston RiverDogs batting - Pitching for Delmarva Shorebirds : RHP Shane Kruger
|
|
Batting: RHB John Sprenkel
|
0-0: Ball 1-0: Ball 2-0: Ball 3-0: Called Strike 3-1: Foul Ball, location: 2F 3-2: Ground out 6-3 (Groundball, 6, EV 90.0 MPH)
|
|
Pitching: RHP Ryan Kotter
|
|
|
Batting: LHB Justin O'Neal
|
0-0: Ball 1-0: Called Strike 1-1: Called Strike 1-2: Ball 2-2: Strikes out swinging
|
|
Batting: RHB Iften Olujimi
|
0-0: Called Strike 0-1: Called Strike 0-2: Foul Ball, location: 2F 0-2: Ground out 6-3 (Groundball, 6, EV 83.8 MPH)
|
| Top of the 9th over - 0 runs, 0 hits, 0 errors, 0 left on base; Charleston 0 - Delmarva 19 |
|